 Dungeon Crawl Stone Soup version 0.23-a0-586-gacb4b3f4ce (webtiles) character file.

125223 LLavrengius the Warrior (level 16, -10/155 HPs)
             Began as a Hill Orc Fighter on Dec 18, 2018.
             Was the Champion of Makhleb.
             Mangled by an iron troll simulacrum (26 damage)
             ... in an ice cave on Dec 19, 2018.
             The game lasted 01:59:10 (29609 turns).

LLavrengius the Warrior (Hill Orc Fighter)         Turns: 29609, Time: 01:59:10

Health: -10/155    AC: 19    Str: 26    XL:     16   Next: 95%
Magic:  28/28      EV: 10    Int:  8    God:    Makhleb [******]
Gold:   1030       SH: 15    Dex: 10    Spells: 12/15 levels left

rFire    . . .     SeeInvis +   v - +3 war axe
rCold    . . .     Gourm    .   c - +1 shield
rNeg     . . .     Faith    .   Q - +4 ring mail {rPois}
rPois    +         Spirit   .   Y - +1 hat {MR+}
rElec    +         Reflect  .   r - +2 cloak
rCorr    +         Harm     .   m - +2 pair of gloves
MR       ++...                  y - +0 pair of boots
Stlth    +.........             R - amulet of the acrobat
HPRegen  0.35/turn              o - +2 ring of slaying
MPRegen  0.21/turn              V - ring of Atetump {rCorr rElec SInv Stlth+}

@: no status effects
A: no striking features
a: Minor Destruction, Lesser Servant of Makhleb, Major Destruction, Greater
Servant of Makhleb, Renounce Religion


You were in an ice cave.
You worshipped Makhleb.
Makhleb was exalted by your worship.
You were not hungry.

You visited 5 branches of the dungeon, and saw 25 of its levels.
You also visited: Sewer, Ossuary, Ice Cave and Volcano.

You collected 2530 gold pieces.
You spent 1500 gold pieces at shops.

Inventory:

Hand Weapons
 a - a +1 war axe
 k - a +1 broad axe of protection
 v - a +3 war axe (weapon)
 w - a +0 hunting sling
 N - a +2 trident of piercing
Missiles
 j - 11 tomahawks of returning
 G - 270 sling bullets
 K - 10 javelins (quivered)
Armour
 c - a +1 shield (worn)
 m - a +2 pair of gloves (worn)
 r - a +2 cloak (worn)
 x - a +2 ring mail of fire resistance
 y - a +0 pair of boots (worn)
 Q - a +4 ring mail of poison resistance (worn)
 Y - a +1 hat of magic resistance (worn)
Jewellery
 g - an uncursed ring of protection from magic
 o - a +2 ring of slaying (left hand)
 C - an uncursed ring of flight
 D - an uncursed ring of positive energy
 R - an amulet of the acrobat (around neck)
 V - the ring of Atetump (right hand) {rCorr rElec SInv Stlth+}
   (You bought it in a shop on level 2 of the Orcish Mines)

   [ring of resist corrosion]

   It insulates you from electricity.
   It lets you see invisible.
   It makes you more stealthy.
 Z - an uncursed ring of positive energy
Wands
 b - a wand of random effects (20)
 A - a wand of flame (4)
 F - a wand of acid (13)
 L - a wand of clouds (11)
 M - a wand of digging (13)
 P - a wand of paralysis (9)
 U - a wand of enslavement (13)
Scrolls
 e - 3 scrolls of fog
 l - 4 scrolls of enchant armour
 n - 3 scrolls of blinking
 s - 6 scrolls of enchant weapon
 t - 10 scrolls of amnesia
 u - 6 scrolls of teleportation
 I - a scroll of magic mapping
 J - 16 scrolls of remove curse
 S - 3 scrolls of identify
 T - 4 scrolls of fear
 W - 2 scrolls of holy word
Potions
 d - a potion of might
 h - 5 potions of brilliance
 i - 5 potions of curing
 p - 3 potions of heal wounds
 q - 2 potions of berserk rage
 z - 9 potions of flight
 B - 3 potions of mutation
 H - 6 potions of haste
 O - 2 potions of cancellation
Comestibles
 f - 40 rations


   Skills:
 + Level 17.3 Fighting
 + Level 14.7 Axes
 - Level 7.0 Armour
 - Level 15.0 Shields
 - Level 6.0 Translocations
 + Level 16.9 Invocations
 + Level 4.0 Evocations


You had 12 spell levels left.
You knew the following spells:

 Your Spells              Type           Power        Failure   Level  Hunger
a - Apportation           Tloc           #.....       5%          1    ##.....
b - Blink                 Tloc           N/A          8%          2    ###....

Your spell library contained the following spells:

 Spells                   Type           Power        Failure   Level  Hunger
 Gell's Gravitas          Tloc           #.........   16%         3    ####...
 Animate Skeleton         Necr           N/A          52%         1    ##.....
 Beastly Appendage        Tmut           #.....       52%         1    ##.....
 Confusing Touch          Hex            #.....       52%         1    ##.....
 Corona                   Hex            #......      52%         1    ##.....
 Flame Tongue             Conj/Fire      #....        52%         1    ##.....
 Magic Dart               Conj           #...         52%         1    ##.....
 Summon Small Mammal      Summ           #...         52%         1    ##.....
 Call Imp                 Summ           #.......     67%         2    ###....
 Ensorcelled Hibernation  Hex/Ice        #.....       67%         2    ###....
 Slow                     Hex            #.......     67%         2    ###....
 Sticks to Snakes         Tmut           #.......     67%         2    ###....
 Throw Flame              Conj/Fire      #.....       67%         2    ###....
 Call Canine Familiar     Summ           #.......     88%         3    ####...
 Confuse                  Hex            #.......     88%         3    ####...
 Conjure Flame            Conj/Fire      #.......     88%         3    ####...
 Dazzling Spray           Conj/Hex       #.....       88%         3    ####...
 Inner Flame              Hex/Fire       #.......     88%         3    ####...
 Mephitic Cloud           Conj/Pois/Air  #.......     88%         3    ####...
 Spider Form              Tmut/Pois      #.........   88%         3    ####...
 Summon Guardian Golem    Hex/Summ       #.......     88%         3    ####...
 Tukima's Dance           Hex            #.......     88%         3    ####...
 Ice Form                 Ice/Tmut       #.......     99%         4    #####..
 Petrify                  Tmut/Erth      #.......     99%         4    #####..
 Sticky Flame             Conj/Fire      #.......     99%         4    #####..
 Summon Ice Beast         Ice/Summ       #.......     99%         4    #####..
 Summon Lightning Spire   Summ/Air       #.......     99%         4    #####..
 Blade Hands              Tmut           #.........   100%        5    ######.
 Fireball                 Conj/Fire      #.........   100%        5    ######.
 Metabolic Englaciation   Hex/Ice        #.........   100%        5    ######.
 Yara's Violent Unravell  Hex/Tmut       #.........   100%        5    ######.


Dungeon Overview and Level Annotations

Branches:
Dungeon (15/15)            Temple (1/1) D:5            Lair (6/6) D:11
  Swamp (0/4) Lair:3       Spider (1/4) Lair:2        Slime (0/5) Lair:6
    Orc (2/2) D:11            Elf (0/3) Orc:2        Vaults (0/5) D:13
 Depths (0/5) D:15

Altars:
Ashenzari
Cheibriados
Dithmenos
Elyvilon
Fedhas
Gozag
Hepliaklqana
Kikubaaqudgha
Makhleb
Nemelex Xobeh
Okawaru
Qazlal
Ru
Sif Muna
Trog
Uskayaw
Vehumet
Wu Jian
Xom
Yredelemnul
Zin
The Shining One
Beogh

Shops:
D:7 ?   D:8 (   D:11 ?   D:13 *   Orc:2 %**=*

Annotations:
D:5 1 runed door, lis82's ghost, novice GrFE
Lair:1 Wuuth's ghost, journeyman DrIE
Lair:2 1 runed door, exclusion: 3 oklob plants, Wuig's ghost, journeyman VSMo


Message History

The harpy simulacrum closely misses you.
You slash the harpy simulacrum!
The harpy simulacrum vapourises!
Makhleb accepts your kill.
You open the door.
An iron troll simulacrum comes into view.
The iron troll simulacrum bites you! The iron troll simulacrum freezes you!!
You block the iron troll simulacrum's attack.
The iron troll simulacrum claws you! The iron troll simulacrum freezes you!!
There is an open door, spattered with blood here.
You hit the iron troll simulacrum but do no damage.
You hit the iron troll simulacrum.
The iron troll simulacrum is lightly damaged.
The iron troll simulacrum bites you!
The iron troll simulacrum freezes you!!!
* * * LOW HITPOINT WARNING * * *
The iron troll simulacrum claws you.
* * * LOW HITPOINT WARNING * * *
The iron troll simulacrum freezes you!!
You die...

####'####
+.......+
#.8...8.#
+.......+
#.8...8.#
+.......+
###.8...8.#
#Z@.......+
###'#...#'#
#.#...#.#
###...###
#...#
#...#+##
##'##..#
#...#44###
####...####.#


You could see an iron troll simulacrum.

Vanquished Creatures
  Gastronok (Lair:1)
  A fire dragon (Volcano)
  A deep elf high priest (D:13)
  2 catoblepae
  5 hydras
  3 vault guards (D:13)
  A death knight (D:15)
  2 centaur warriors
  4 two-headed ogres
  12 death yaks
  An orc high priest (Orc:1)
  3 unseen horrors
  A skeletal warrior (D:15)
  4 wizards
  5 orc knights (Orc:2)
  Pikel (D:7)
  A lindwurm (Volcano)
  3 deep elf magi
  2 ugly things
  3 necromancers
  An orb spider (Lair:2)
  An oklob plant (Lair:6)
  3 cyclopes
  2 manticores
  3 orc sorcerers
  A wolf spider (D:14)
  Joseph (D:9)
  11 elephants
  3 molten gargoyles
  Psyche (D:8)
  4 black mambas
  A naga mage (D:15)
  2 ice statues (IceCv)
  A gargoyle (D:11)
  12 spiny frogs
  6 centaur skeletons
  2 kobold demonologists
  9 komodo dragons
  3 freezing wraiths (D:15)
  An anaconda simulacrum (IceCv)
  2 rime drakes
  5 ice devils (IceCv)
  A tengu conjurer (D:15)
  A harpy zombie (D:15)
  9 trolls
  A jumping spider (Spider:1)
  3 polar bears
  A hornet (Spider:1)
  Prince Ribbit (D:5)
  4 slime creatures (D:14)
  4 blink frogs (Lair:1)
  6 hippogriffs
  3 dream sheep (Lair:6)
  A dream sheep (shapeshifter) (D:13)
  A spriggan (D:7)
  A centaur simulacrum (D:15)
  3 redbacks (Spider:1)
  2 wraiths
  32 yaks
  A shadow (D:12)
  A fire bat (Volcano)
  16 humans (D:13)
  A vampire (D:15)
  5 wyverns
  4 basilisks
  4 hungry ghosts
  A steam dragon (Volcano)
  7 wargs
  A harpy simulacrum (IceCv)
  10 vampire mosquitoes
  A soldier ant (D:10)
  An acid dragon (D:13)
  A floating eye (Lair:2)
  4 porcupines
  12 water moccasins
  Duvessa (D:7)
  3 hell hounds (Volcano)
  3 sky beasts
  An eye of draining (D:13)
  48 orc warriors
  3 phantoms
  Purgy (Sewer)
  2 ice beasts
  4 black bears
  15 ogres
  8 wolves
  A necrophage (D:6)
  12 centaurs
  11 crocodiles
  4 big kobolds
  Blork the orc (D:4)
  4 gnoll sergeants
  21 bullfrogs
  8 water moccasin zombies
  Dowan (D:7)
  5 scorpions
  2 wyvern skeletons
  16 wights
  4 electric eels
  5 howler monkeys
  2 crimson imps (D:9)
  2 lava snakes (Volcano)
  4 centaur zombies
  A bullfrog zombie (D:6)
  17 orc priests
  6 hounds
  10 jellies
  17 orc wizards
  2 bullfrog skeletons
  2 iguanas
  14 worker ants
  A big kobold zombie (Ossuary)
  A hound zombie (D:5)
  2 mummies (Ossuary)
  4 worker ant zombies
  8 gnolls
  11 adders
  A shadow imp (D:14)
  5 oozes
  4 adder zombies
  3 worms
  5 dart slugs
  8 leopard geckos
  99 orcs
  2 ball pythons
  19 bats
  13 giant cockroaches
  A gnoll zombie (Ossuary)
  5 hobgoblins
  14 jackals
  10 kobolds
  5 quokkas
  6 frilled lizards
  13 goblins
  6 hobgoblin zombies (Ossuary)
  2 kobold zombies (Ossuary)
  2 leopard gecko skeletons
  A leopard gecko zombie (D:7)
  9 orc zombies (Ossuary)
  2 quokka zombies (D:4)
  3 rats
  3 fungi
804 creatures vanquished.

Vanquished Creatures (collateral kills)
  The ghost of Jikao the Fighter, a journeyman GrMo of Okawaru (D:13)
  2 hydras (Lair:6)
  A deep troll shaman (Lair:6)
  A wind drake (shapeshifter) (D:13)
  A porcupine (D:11)
6 creatures vanquished.

Vanquished Creatures (others)
  A torpor snail (Lair:6)
  A hungry ghost (D:15)
  A worker ant (D:7)
  3 jackals (D:7)
  A bush (D:10)
  8 fungi
  9 plants
  A withered plant (D:5)
25 creatures vanquished.

Grand Total: 835 creatures vanquished

Notes
Turn   | Place    | Note
-------+----------+-------------------------------------------
     0 | D:1      | LLavrengius the Hill Orc Fighter began the quest for the
                  | Orb.
     0 | D:1      | Reached XP level 1. HP: 19/19 MP: 1/1
   209 | D:1      | Reached XP level 2. HP: 22/27 MP: 2/2
   303 | D:1      | Reached skill level 4 in Fighting
   365 | D:1      | Reached XP level 3. HP: 26/33 MP: 3/3
   993 | D:2      | Reached XP level 4. HP: 41/41 MP: 4/4
  1180 | D:2      | Found a basalt altar of Yredelemnul.
  1404 | D:2      | Found a sparkling altar of Nemelex Xobeh.
  1495 | D:2      | Reached XP level 5. HP: 42/47 MP: 5/5
  1688 | D:3      | Reached skill level 5 in Fighting
  1712 | D:3      | Found a faded altar of an unknown god.
  2213 | D:4      | Found a sand-covered staircase.
  2226 | Ossuary  | Entered an ossuary
  2250 | Ossuary  | Reached skill level 5 in Armour
  2250 | Ossuary  | Reached skill level 5 in Shields
  2250 | Ossuary  | Reached XP level 6. HP: 50/56 MP: 6/6
  2327 | Ossuary  | Reached skill level 6 in Fighting
  2327 | Ossuary  | Reached XP level 7. HP: 30/63 MP: 7/7
  2523 | D:4      | Found a glowing drain.
  2559 | Sewer    | Entered a sewer
  2600 | Sewer    | Noticed Purgy
  2614 | Sewer    | Killed Purgy
  2830 | D:4      | Noticed Blork the orc
  2843 | D:4      | Killed Blork the orc
  2843 | D:4      | Reached skill level 7 in Fighting
  2843 | D:4      | Reached XP level 8. HP: 64/73 MP: 8/8
  3558 | D:5      | Entered Level 5 of the Dungeon
  3748 | D:5      | Noticed Prince Ribbit
  3995 | D:5      | Found a basalt altar of Yredelemnul.
  4168 | D:5      | Found a runed door.
  4168 | D:5      | Noticed lis82's ghost (novice GrFE)
  4186 | D:5      | Killed Prince Ribbit
  4186 | D:5      | Reached skill level 8 in Fighting
  4255 | D:5      | Found a staircase to the Ecumenical Temple.
  4264 | Temple   | Entered the Ecumenical Temple
  4301 | Temple   | Became a worshipper of Makhleb the Destroyer
  4411 | D:5      | Reached skill level 1 in Invocations
  4858 | D:6      | Reached XP level 9. HP: 60/82 MP: 10/10
  5211 | D:6      | Reached skill level 9 in Fighting
  5270 | D:6      | Reached * piety under Makhleb
  5685 | D:7      | Noticed Pikel
  5704 | D:7      | Killed Pikel
  5704 | D:7      | Reached skill level 5 in Invocations
  6006 | D:7      | Found Ijiarocw's Magic Scroll Boutique.
  6085 | D:7      | Reached skill level 10 in Fighting
  6216 | D:7      | Noticed Duvessa
  6232 | D:7      | Killed Duvessa
  6233 | D:7      | Noticed Dowan
  6244 | D:7      | Killed Dowan
  6432 | D:7      | Reached XP level 10. HP: 88/93 MP: 14/14
  6675 | D:7      | Reached ** piety under Makhleb
  6771 | D:8      | Noticed a two-headed ogre
  6794 | D:8      | Killed a two-headed ogre
  6794 | D:8      | Reached skill level 10 in Shields
  6803 | D:8      | Reached skill level 11 in Fighting
  6936 | D:8      | Found Foguepenna's Weapon Shoppe.
  7039 | D:8      | Noticed Psyche
  7052 | D:8      | Paralysed by Psyche for 7 turns
  7060 | D:8      | Killed Psyche
  7593 | D:8      | You fall through a shaft for 2 floors!
  7593 | D:10     | Entered Level 10 of the Dungeon
  8334 | D:10     | Reached XP level 11. HP: 104/104 MP: 18/18
  8350 | D:10     | Reached *** piety under Makhleb
  8764 | D:9      | Reached skill level 12 in Fighting
  8966 | D:9      | Noticed Joseph
  8985 | D:9      | Killed Joseph
  8989 | D:9      | Reached skill level 10 in Invocations
  9774 | D:11     | Noticed a manticore
  9794 | D:11     | Killed a manticore
 10324 | D:11     | Reached **** piety under Makhleb
 10467 | D:11     | Reached skill level 5 in Axes
 10750 | D:11     | Noticed a purple ugly thing
 10760 | D:11     | Killed a purple ugly thing
 10919 | D:11     | Found a staircase to the Orcish Mines.
 11028 | D:11     | Reached XP level 12. HP: 106/113 MP: 20/20
 11070 | D:11     | Found Eroutt's Magic Scroll Emporium.
 11073 | D:11     | Bought a scroll of magic mapping for 59 gold pieces
 11127 | D:11     | Found a staircase to the Lair.
 11206 | D:12     | Reached skill level 13 in Fighting
 11223 | D:12     | Noticed a five-headed hydra
 11239 | D:12     | Killed a five-headed hydra
 11552 | D:12     | Reached ***** piety under Makhleb
 12040 | D:13     | Noticed a centaur warrior
 12043 | D:13     | Noticed a catoblepas
 12241 | Lair:1   | Entered Level 1 of the Lair of Beasts
 12423 | Lair:1   | Noticed Gastronok
 12453 | Lair:1   | Killed Gastronok
 12746 | Lair:1   | Found a runed gate.
 12747 | Lair:1   | Noticed a nine-headed hydra
 12747 | Lair:1   | Noticed a 12-headed hydra
 12747 | Lair:1   | Noticed Wuuth's ghost (journeyman DrIE)
 12750 | Lair:1   | Learned a level 1 spell: Apportation
 12750 | Lair:1   | Found a runed gate.
 12750 | Lair:1   | Found a runed gate.
 13207 | Lair:1   | Reached skill level 14 in Fighting
 13319 | Lair:2   | Reached skill level 1 in Translocations
 13331 | Lair:2   | Reached XP level 13. HP: 69/124 MP: 22/22
 13613 | Lair:2   | Paralysed by a floating eye for 4 turns
 13924 | Lair:2   | Found a runed door.
 13924 | Lair:2   | Noticed Wuig's ghost (journeyman VSMo)
 14036 | Lair:2   | Found a hole to the Spider Nest.
 15284 | Lair:3   | Found a staircase to the Swamp.
 15727 | Lair:4   | Reached skill level 10 in Axes
 16752 | Lair:5   | Found a dark tunnel.
 16775 | Volcano  | Entered a volcano
 16986 | Volcano  | Found a bloodstained altar of Trog.
 17210 | Volcano  | Noticed a fire dragon
 17222 | Volcano  | Killed a fire dragon
 17840 | Lair:5   | You fall through a shaft!
 17840 | Lair:6   | Entered Level 6 of the Lair of Beasts
 18534 | Lair:6   | Reached XP level 14. HP: 63/133 MP: 24/24
 18545 | Lair:6   | Reached skill level 15 in Fighting
 19268 | Lair:6   | Found a staircase to the Slime Pits.
 19442 | Lair:6   | Reached skill level 5 in Translocations
 19586 | Lair:6   | Learned a level 2 spell: Blink
 21225 | Orc:1    | Entered Level 1 of the Orcish Mines
 21237 | Orc:1    | Reached ****** piety under Makhleb
 21532 | Orc:2    | Entered Level 2 of the Orcish Mines
 22341 | Orc:2    | Found Hicyrph's General Store.
 22341 | Orc:2    | Found Luwako Oteud's Jewellery Boutique.
 22366 | Orc:2    | Bought a scroll of magic mapping for 45 gold pieces
 22375 | Orc:2    | Found a roughly hewn altar of Beogh.
 22500 | Orc:2    | Found Cikhojep's Assorted Antiques.
 22526 | Orc:2    | Reached skill level 15 in Invocations
 22556 | Orc:2    | Bought a pink potion for 19 gold pieces
 22557 | Orc:2    | Reached skill level 16 in Fighting
 22557 | Orc:2    | Reached skill level 15 in Shields
 22557 | Orc:2    | Reached XP level 15. HP: 113/144 MP: 26/26
 22653 | Orc:2    | Found Jonu Xoul's Assorted Antiques.
 22885 | Orc:2    | Found Kimekus's Food Shoppe.
 22908 | Orc:2    | Reached XP level 16. HP: 151/151 MP: 27/27
 23005 | Orc:2    | Found a staircase to the Elven Halls.
 23340 | Orc:2    | Bought the ring of Atetump {rCorr rElec SInv Stlth+} for
                  | 533 gold pieces
 23381 | Orc:2    | Bought 2 pink potions for 32 gold pieces
 24705 | D:13     | Found a gate to the Vaults.
 25001 | D:13     | Found a runed gate.
 25002 | D:13     | Found a runed gate.
 25002 | D:13     | Found an opulent altar of Gozag.
 25003 | D:13     | Found a runed gate.
 25005 | D:13     | Noticed Jikao's ghost (journeyman GrMo)
 25005 | D:13     | Found Cemneun's Assorted Antiques.
 25059 | D:13     | Killed Jikao's ghost
 25062 | D:13     | HP: 5/152 [lindwurm (shapeshifter)/blast of flame (25)]
 25247 | D:13     | Bought a brightly glowing plate armour for 812 gold pieces
 25247 | D:13     | Identified the +1 plate armour of the Endless Expanse
                  | {+Inv} (You bought it in a shop on level 13 of the Dungeon)
 26310 | D:14     | Reached skill level 1 in Evocations
 26611 | D:15     | Entered Level 15 of the Dungeon
 26777 | D:15     | Reached skill level 17 in Fighting
 27917 | D:15     | Found a staircase to the Depths.
 28707 | Spider:1 | Entered Level 1 of the Spider Nest
 28740 | Spider:1 | Found a frozen archway.
 28766 | IceCv    | Entered an ice cave
 29609 | IceCv    | Mangled by an iron troll simulacrum

Vault maps used:
D:1:      lightli_arrival_chessboard
D:2:      overflow_temple_1_default, nemelex_diamond_rough_becter
D:3:      chequers_ecumenical_altar_island, serial_rivers,
          chequers_serial_rivers_marsh, chequers_serial_rivers_room_b,
          chequers_serial_rivers_room_b, chequers_serial_rivers_micro_d,
          chequers_serial_rivers_room_b, chequers_serial_rivers_small_b
D:4:      gup_sewer_entry_pipe, enter_ossuary_4, minmay_close_crescents,
          uniq_blork_the_orc
D:5:      minmay_temple_entry_antechambers, basic_altar, first_ration,
          gammafunk_ghost_grave, uniq_prince_ribbit1
D:6:      minmay_liquid_box, serial_bayou_lake_a
D:7:      serial_shops, shop_scrolls, the_bakery, uniq_duvessa, uniq_pikel
D:8:      serial_shops, nicolae_shop_temple_entry_statues_fountains, uniq_psyche
D:9:      uniq_joseph
D:10:     serial_bayou_pond_a, kb_lookout_dungeons_type
D:11:     grunt_lair_entry_orc_guard_hut,
          kennysheep_orc_monster_closet_entryway, serial_shops, kennysheep_mini,
          minmay_fractal_squares_gapless_5
D:13:     grunt_vaults_entry_tiered, ebering_ghost_gozag,
          roderic_serpentine_path
D:14:     chequers_serial_rivers_small_a, serial_corexii_hall,
          corexii_hall_statues_l, corexii_hall_statues_l
D:15:     grunt_enter_depths_magical_seal
Temple:   nicolae_temple_the_god_donut
Lair:1:   gammafunk_ghost_hydra_chop, uniq_gastronok
Lair:2:   nicolae_spider_entry_orb_guardian, gammafunk_ghost_grave,
          disabler_island
Lair:3:   minmay_swamp_entry_eels, infiniplex_staircase_pool_2,
          grunt_megastairs_1, lemuel_fruit_tree
Lair:4:   serial_bayou_lagoon_a
Lair:5:   enter_volcano_1
Lair:6:   grunt_lair_end_beastmaster, nicolae_slime_entry_slimehenge,
          serial_bayou, serial_bayou_crossing, serial_bayou_pond_c,
          serial_bayou_pond_d, serial_bayou_pond_d, grunt_megastairs_2
Spider:1: portal_ice_cave_entry_pillars_three
Orc:2:    st_orc_town, serial_shops, nicolae_shop_trees
Sewer:    sewer_big_baddie
Ossuary:  ossuary_tomb_2
IceCv:    ice_cave_tombish
Volcano:  volcano_lake

Skill      XL: |  1  2  3  4  5  6  7  8  9 10 11 12 13 14 15 16 |
---------------+-------------------------------------------------+-----
Axes           | 3 6 9 11 12 14 | 14.7
Fighting       | 4 5 6 7 8 10 11 12 14 16 17 | 17.3
Armour         | 4 5 6 7 |  7.0
Shields        | 4 5 6 8 9 10 12 13 15 | 15.0
Invocations    | 2 6 9 11 12 13 15 16 | 16.9
Translocations | 1 4 5 6 |  6.0
Evocations     | 4 |  4.0

Action                   |  1- 3 |  4- 6 |  7- 9 | 10-12 | 13-15 | 16-18 || total
-------------------------+-------+-------+-------+-------+-------+-------++-------
Melee: War axe           |    90 |   269 |   341 |   522 |   952 |   668 ||  2842
       Trident           |       |       |   108 |   408 |   110 |    54 ||   680
       Broad axe         |       |       |       |       |       |    18 ||    18
Throw: Javelin           |       |       |       |     3 |     1 |       ||     4
 Cast: Blink             |       |       |       |       |       |     9 ||     9
       Apportation       |       |       |       |       |       |     1 ||     1
Invok: Minor Destruction |       |       |       |     8 |    52 |     4 ||    64
       Lesser Servant of |       |       |       |     1 |     4 |     1 ||     6
 Abil: Evoke Flight      |       |       |       |       |     1 |       ||     1
  Use: Scroll            |       |    11 |    11 |     1 |     5 |     7 ||    35
       Potion            |       |       |     2 |     3 |     7 |     4 ||    16
 Stab: Distracted        |       |       |       |     1 |       |     3 ||     4
       Petrifying        |       |       |       |       |     1 |       ||     1
       Confused          |       |       |       |       |       |     2 ||     2
  Eat: Chunk             |       |     4 |    19 |    51 |    23 |    15 ||   112
       Ration            |       |       |     1 |     1 |       |     4 ||     6
Armor: Scale mail        |    16 |       |       |       |       |       ||    16
       Chain mail        |    40 |   186 |   222 |       |       |       ||   448
       Ring mail         |       |       |     6 |   359 |   300 |   265 ||   930
Dodge: Dodged            |    17 |    68 |    89 |   276 |   288 |   252 ||   990
Block: Shield            |    49 |   142 |   284 |   625 |   650 |   498 ||  2248

Table legend:
 A = Non-vault XP
 B = Vault XP
 C = Vault XP percentage of total XP
 D = Non-vault monster count
 E = Vault monster count
 F = Vault count percentage of total count
                 A         B        C        D         E       F
            +---------+---------+-------+---------+---------+-------
      Total |   84666 |   52160 |  38.1 |     571 |     237 |  29.3
            +---------+---------+-------+---------+---------+-------
        D:1 |      58 |       0 |   0.0 |      30 |       0 |   0.0
        D:2 |     107 |       0 |   0.0 |      27 |       0 |   0.0
        D:3 |     124 |       0 |   0.0 |      24 |       0 |   0.0
        D:4 |     150 |     114 |  43.2 |       9 |      10 |  52.6
        D:5 |     493 |     274 |  35.7 |      18 |       1 |   5.3
        D:6 |    1084 |       0 |   0.0 |      37 |       0 |   0.0
        D:7 |     930 |    1093 |  54.0 |      20 |       4 |  16.7
        D:8 |    2399 |     439 |  15.5 |      24 |       1 |   4.0
        D:9 |    1964 |     466 |  19.2 |      26 |       1 |   3.7
       D:10 |    1503 |     112 |   6.9 |      26 |       1 |   3.7
       D:11 |    3448 |    3000 |  46.5 |      31 |      30 |  49.2
       D:12 |    7656 |       0 |   0.0 |      28 |       0 |   0.0
       D:13 |    7341 |   12381 |  62.8 |      23 |      32 |  58.2
       D:14 |    7143 |       0 |   0.0 |      39 |       0 |   0.0
       D:15 |    8880 |    4699 |  34.6 |      27 |      10 |  27.0
     Lair:1 |    4314 |    3180 |  42.4 |      18 |       2 |  10.0
     Lair:2 |    2284 |     731 |  24.2 |      12 |       2 |  14.3
     Lair:3 |    3740 |     535 |  12.5 |      15 |       4 |  21.1
     Lair:4 |    4398 |       0 |   0.0 |      13 |       0 |   0.0
     Lair:5 |    4730 |       0 |   0.0 |      15 |       0 |   0.0
     Lair:6 |   14433 |   10283 |  41.6 |      37 |      27 |  42.2
   Spider:1 |    1246 |       0 |   0.0 |       5 |       0 |   0.0
      Orc:1 |    2984 |       0 |   0.0 |      35 |       0 |   0.0
      Orc:2 |    3257 |    7408 |  69.5 |      32 |      55 |  63.2
      Sewer |       0 |     137 | 100.0 |       0 |       6 | 100.0
    Ossuary |       0 |     664 | 100.0 |       0 |      31 | 100.0
      IceCv |       0 |    3139 | 100.0 |       0 |       9 | 100.0
    Volcano |       0 |    3505 | 100.0 |       0 |      11 | 100.0
            +---------+---------+-------+---------+---------+-------
